 Dungeon Crawl Stone Soup version 0.18-a0-1041-gbe91bf5 (webtiles) character file.

146715 aspa the Sorcerer (level 17, -2/90 HPs)
             Began as an Octopode Wizard on Jan 7, 2016.
             Was the Champion of Sif Muna.
             Slain by a snapping turtle (29 damage)
             ... on level 3 of the Shoals on Jan 10, 2016.
             The game lasted 06:51:31 (45065 turns).

aspa the Sorcerer (Octopode Wizard)                Turns: 45065, Time: 06:51:31

Health: -2/90      AC:  3    Str:  9    XL:     17   Next: 45%
Magic:  1/56       EV: 12    Int: 26    God:    Sif Muna [******]
Gold:   2001       SH: 11    Dex: 16    Spells: 17 memorised, 6 levels left

rFire  + + .     SeeInvis +     a - +1 war axe of Feid Tub {venom, rPois MP+9}
rCold  + . .     Gourm    .     Z - +1 buckler {rPois}
rNeg   + . .     Faith    .     m - +0 hat
rPois  +         Spirit   .     M - amulet of Cuotoc {Reflect MR+ SH+4}
rElec  .         Dismiss  .     i - ring of wizardry
rCorr  .         Reflect  +     c - ring of see invisible
SustAt +         Harm     .     P - ring of stealth
MR     +++..                    v - ring of sustain attributes
Stlth  ++++++....               d - ring of the Jester {rF++ rC+ MR+ Dex+5}
                                R - ring of wizardry
                                z - ring "Xextell" {rPois MP+9 Slay+2}
                                D - ring of positive energy

@: swift, about to teleport, repel missiles, extremely resistant to hostile
enchantments, very stealthy
A: almost no armour, amphibious, 8 rings, constrict 8, thin metallic scales 1,
camouflage 1, low mp 1, poison resistance, strong 1, gelatinous body 1,
MP-powered wands
a: Channel Energy, Forget Spell, Renounce Religion


You were on level 3 of the Shoals.
You worshipped Sif Muna.
Sif Muna was exalted by your worship.
You were not hungry.

You visited 7 branches of the dungeon, and saw 34 of its levels.
You visited 1 bazaar.
You also visited: Sewer.

You collected 3066 gold pieces.
You spent 1065 gold pieces at shops.

Inventory:

Hand Weapons
 a - the +1 war axe of Feid Tub (weapon) {venom, rPois MP+9}
   (You found it on level 1 of the Shoals)

   It poisons the flesh of those it strikes.
   It protects you from poison.
   It affects your magic capacity (+9).
 b - a +1 dagger of speed
 q - a +4 dagger of venom
 J - a +2 short sword of electrocution
 O - a +0 spear of venom
Armour
 m - a +0 hat (worn)
 Z - a +1 buckler of poison resistance (worn)
Magical Staves
 w - an uncursed staff of energy
Jewellery
 c - a ring of see invisible (right tentacle)
 d - the ring of the Jester (on tentacle) {rF++ rC+ MR+ Dex+5}
   (You acquired it on level 14 of the Dungeon)

   [ring of protection from magic]

   It affects your dexterity (+5).
   It greatly protects you from fire.
   It protects you from cold.
   It affects your resistance to hostile enchantments.
 i - a ring of wizardry (left tentacle)
 v - a ring of sustain attributes (on tentacle)
 z - the ring "Xextell" (on tentacle) {rPois MP+9 Slay+2}
   (You found it on level 5 of the Lair of Beasts)

   [ring of magical power]

   It affects your accuracy and damage with ranged weapons and melee attacks
   (+2).
   It protects you from poison.
   It affects your magic capacity (+9).
 D - a ring of positive energy (on tentacle)
 M - the amulet of Cuotoc (around mantle) {Reflect MR+ SH+4}
   (You acquired it on level 2 of the Shoals)

   [amulet of reflection]

   It shields you and reflects attacks.
   It affects your resistance to hostile enchantments.
   It affects your SH (+4).
 P - a ring of stealth (on tentacle)
 R - a ring of wizardry (on tentacle)
 Y - an uncursed amulet of magic regeneration
Wands
 g - a wand of fire (8/15)
 o - a wand of paralysis (17/24)
 r - a wand of teleportation (4/9)
 y - a wand of draining (11/15)
 G - a wand of enslavement (16/24)
 I - a wand of polymorph (8/24)
 K - a wand of magic darts (17/48)
 L - a wand of hasting (2/9)
 U - a wand of disintegration (18/24)
Scrolls
 e - 17 scrolls of identify
 j - 3 scrolls of fog
 k - a scroll of enchant armour
 p - a scroll of teleportation
 u - a scroll of fear
 x - 2 scrolls of remove curse
 C - 3 scrolls of magic mapping
Potions
 h - 4 potions of resistance
 n - 6 potions of flight
 t - a potion of agility
 B - a potion of magic
 E - a potion of berserk rage
 F - 2 potions of brilliance
 T - a potion of cancellation
 X - a potion of haste
Books
 s - Sif Muna's Incunabulum of Combat Magic
   (Sif Muna gifted it to you on level 1 of the Shoals)

   Spells                             Type                      Level
   a - Static Discharge               Conjuration/Air              3
   b - Iskenderun's Mystic Blast      Conjuration                  4
   c - Bolt of Cold                   Conjuration/Ice              6
   d - Spellforged Servitor           Conjuration/Summoning        7
Miscellaneous
 Q - a lamp of fire
Comestibles
 f - 11 bread rations
 l - 2 meat rations
 A - 2 beef jerkies
 H - a royal jelly
 N - 10 chunks of flesh


   Skills:
 - Level 2.0 Dodging
 - Level 3.1 Stealth
 * Level 5.8 Shields
 + Level 22.2 Spellcasting
 - Level 9.0 Conjurations
 - Level 4.0 Charms
 - Level 1.0 Summonings
 + Level 3.0 Necromancy
 - Level 7.7 Translocations
 + Level 0.4 Transmutations
 - Level 0.2 Ice Magic
 + Level 4.7 Earth Magic
 - Level 4.0 Poison Magic
 - Level 6.0 Invocations


You had 6 spell levels left.
You knew the following spells:

 Your Spells              Type           Power        Failure   Level  Hunger
a - Magic Dart            Conj           ####         1%          1    None
b - Call Imp              Summ           ####....     1%          2    None
c - Mephitic Cloud        Conj/Pois/Air  ######..     1%          3    None
d - Blink                 Tloc           N/A          1%          2    None
e - Repel Missiles        Chrm/Air       #####.       1%          2    None
f - Conjure Flame         Conj/Fire      ######..     1%          3    None
g - Slow                  Hex            ####....     1%          2    None
h - Iskenderun's Mystic   Conj           ######..     1%          4    None
i - Phase Shift           Tloc           ######....   1%          5    None
j - Gell's Gravitas       Hex/Tloc       #####.....   1%          3    None
k - Iskenderun's Battles  Conj/Chrm      ######..     1%          5    None
l - Swiftness             Chrm/Air       #####...     1%          2    None
m - Ozocubu's Armour      Chrm/Ice       #####...     1%          3    None
n - Iron Shot             Conj/Erth      ######....   4%          6    None
o - Fireball              Conj/Fire      ######....   2%          5    None
p - Regeneration          Chrm/Necr      #####.....   1%          3    None
q - Ignite Poison         Fire/Trmt/Pois #####...     1%          3    None


Dungeon Overview and Level Annotations

Branches:
Dungeon (15/15)            Temple (1/1) D:7            Lair (8/8) D:8
 Shoals (4/4) Lair:3        Snake (3/4) Lair:3        Slime (0/6) Lair:7
    Orc (2/2) D:10            Elf (1/3) Orc:2        Vaults (0/5) D:13
 Depths (0/5) D:15

Altars:
Ashenzari
Cheibriados
Dithmenos
Elyvilon
Fedhas
Gozag
Kikubaaqudgha
Makhleb
Nemelex Xobeh
Okawaru
Pakellas
Qazlal
Ru
Sif Muna
Trog
Vehumet
Xom
Yredelemnul
Zin
The Shining One
Beogh
Jiyva

Shops:
D:5 :   Orc:2 *=[(

Annotations:
D:12 exclusion: downstairs
Lair:7 1 runed door


Innate Abilities, Weirdness & Mutations

You cannot wear most types of armour.
You are amphibious.
You can wear up to eight rings at the same time.
You can use your tentacles to constrict eight enemies at once.
Your skin changes colour to match your surroundings (Stealth).
Your rubbery body absorbs attacks (AC +1).
You are partially covered in thin metallic scales (AC +2).
Your magical capacity is low (-10% MP).
Your system is resistant to poisons.
Your muscles are strong. (Str +2)
You expend magic power (3 MP) to strengthen your wands.


Message History

Aim: a snapping turtle (water, severely wounded)
The magic dart hits the snapping turtle.
The snapping turtle is severely wounded.
Your battlesphere fires!
The barrage of energy hits the snapping turtle.
The snapping turtle is severely wounded.
Casting: Magic Dart
Confirm with . or Enter, or press ? or * to list all spells.
You blink.
Floosh!
Unknown command.
Evoke which item? (* to show all) (? for menu, Esc to quit)
Okay, then.
Unknown command.
Unknown command.
Read which item? (? for menu, Esc to quit)
As you read the scroll of teleportation, it crumbles to dust.
You feel strangely unstable.
The snapping turtle bites you from afar!!
You die...

.
.≈≈≈≈≈≈≈≈≈≈≈≈≈≈≈≈≈≈≈≈≈≈≈≈#
.≈≈≈≈≈≈≈≈≈≈≈≈≈≈≈≈≈≈≈≈≈≈≈≈#
≈≈≈≈≈≈≈≈≈≈≈≈≈≈≈≈≈≈≈≈≈≈≈≈≈#
≈≈≈≈≈≈≈≈≈≈≈≈≈≈≈≈≈≈≈≈#
≈≈≈≈≈≈≈≈≈≈≈≈≈≈≈≈≈≈≈≈#
≈≈≈≈≈≈≈≈≈≈≈≈≈≈≈≈≈≈≈≈≈≈≈≈≈#
≈≈≈≈≈≈≈≈≈≈≈≈≈≈≈≈≈≈≈≈≈≈≈≈≈#
≈≈≈≈≈≈≈≈≈≈≈≈≈≈≈≈≈≈≈≈≈≈≈≈≈#
≈≈≈≈≈≈≈≈≈≈≈≈@≈≈≈≈≈≈≈≈≈≈≈≈#
≈≈≈≈≈≈≈≈≈≈≈≈*≈≈≈≈≈≈≈≈≈≈≈≈#
≈≈≈≈≈≈≈≈≈≈t≈≈≈≈≈≈≈≈≈≈≈≈≈≈#
≈≈≈≈≈≈≈≈≈≈≈≈≈≈≈≈≈≈≈≈≈≈≈≈≈#
≈≈≈≈≈≈≈§≈≈≈≈≈≈≈≈≈≈≈≈≈≈≈≈§#
##########################


You could see a snapping turtle and a friendly battlesphere.

Vanquished Creatures
  A greater naga (Snake:2)
  Aizul (Snake:1)
  A salamander stormcaller (D:15)
  2 ettins (Orc:1)
  A merfolk javelineer (Shoals:2)
  4 merfolk impalers
  Josephine (D:10)
  The ghost of George the Carver, a journeyman MiFi of the Shining One (D:10)
  Erolcha (D:8)
  7 naga warriors (Snake:1)
  8 hydras
  An anaconda (Snake:1)
  Erica (Lair:1)
  A merfolk avatar (Shoals:2)
  An alligator snapping turtle (Shoals:3)
  A satyr (Shoals:1)
  An ogre mage (D:13)
  6 death yaks
  3 centaur warriors
  A dancing weapon (Elf:1)
  3 naga sharpshooters
  5 orc high priests
  Nergalle (Lair:2)
  Urug (D:10)
  A shock serpent (Snake:2)
  4 unseen horrors
  6 sea snakes
  3 hill giants
  A necromancer (Lair:7)
  A naga ritualist (Snake:1)
  A deep elf archer (Elf:1)
  7 orc knights
  3 ugly things (D:14)
  13 harpies (Shoals:1)
  6 mana vipers (Snake:1)
  11 deep elf magi
  8 griffons
  5 fauns (Shoals:1)
  7 salamanders
  4 cyclopes
  6 oklob plants
  9 orc sorcerers
  5 water nymphs
  An elephant (Lair:6)
  10 manticores
  22 black mambas
  2 naga magi (Snake:2)
  13 spiny frogs
  2 guardian serpents (Snake:1)
  2 gargoyles
  9 fire drakes
  7 komodo dragons
  5 trolls
  A wind drake (Shoals:1)
  Grinder (D:4)
  Prince Ribbit (D:8)
  A ghost (D:12)
  11 merfolk
  2 two-headed ogres (D:13)
  15 blink frogs
  8 slime creatures
  4 snapping turtles
  2 shadows
  A vampire (D:14)
  3 wyverns
  4 wraiths
  50 yaks
  7 basilisks
  6 hungry ghosts
  9 vampire mosquitoes
  15 hippogriffs
  17 wolves
  4 wargs
  2 mottled dragons (D:14)
  18 nagas
  11 water moccasins
  12 porcupines
  2 elephant zombies (Lair:7)
  6 sky beasts
  Purgy (Sewer)
  A phantom (D:10)
  33 orc warriors
  2 wasps
  5 black bears
  An eye of draining (D:11)
  5 ice beasts
  11 ogres
  A necrophage (D:12)
  9 centaurs
  15 crocodiles
  5 big kobolds
  29 giant frogs
  3 scorpions
  10 killer bees
  4 spriggan skeletons (D:9)
  3 wights
  3 electric eels (Lair:7)
  2 giant frog zombies (D:12)
  5 centaur zombies
  2 crimson imps
  26 orc priests
  5 hounds
  6 centaur skeletons
  4 giant frog skeletons
  4 jellies
  25 orc wizards
  7 hell rats
  13 iguanas
  5 worker ants
  40 sheep
  A crocodile zombie (Lair:7)
  2 hound zombies
  A worker ant zombie (D:9)
  16 gnolls
  64 river rats
  13 adders
  2 shadow imps
  2 adder skeletons
  2 worms
  6 giant geckos
  100 orcs
  8 bats
  10 giant cockroaches
  13 goblins
  11 hobgoblins
  9 jackals
  18 kobolds
  7 quokkas
  2 ball pythons (D:3)
  7 giant newts
  A quokka zombie (D:7)
  7 rats
  A fungus (Lair:5)
  5 plants (Lair:2)
1034 creatures vanquished.

Vanquished Creatures (collateral kills)
  A water moccasin (D:11)
  A goblin (D:1)
  A hobgoblin (D:2)
3 creatures vanquished.

Vanquished Creatures (others)
  A guardian serpent (Snake:2)
  A giant frog (D:9)
  2 sheep (Lair:6)
  50 fungi
  27 plants
81 creatures vanquished.

Grand Total: 1118 creatures vanquished

Notes
Turn   | Place    | Note
--------------------------------------------------------------
     0 | D:1      | aspa the Octopode Wizard began the quest for the Orb.
     0 | D:1      | Reached XP level 1. HP: 11/11 MP: 4/4
   360 | D:1      | Reached XP level 2. HP: 9/17 MP: 0/6
   364 | D:1      | Learned a level 2 spell: Call Imp
   937 | D:1      | Reached XP level 3. HP: 18/21 MP: 0/8
   942 | D:1      | Learned a level 3 spell: Mephitic Cloud
   945 | D:1      | Learned a level 2 spell: Blink
  1322 | D:2      | Found a white marble altar of Elyvilon.
  1668 | D:2      | Found a snail-covered altar of Cheibriados.
  1785 | D:2      | Reached XP level 4. HP: 18/27 MP: 1/9
  1789 | D:2      | Learned a level 2 spell: Repel Missiles
  1927 | D:2      | Found a burning altar of Makhleb.
  1927 | D:2      | Found an oddly glowing altar of Pakellas.
  1936 | D:2      | Found a basalt altar of Yredelemnul.
  1940 | D:2      | Found a sacrificial altar of Ru.
  1947 | D:2      | Found a shimmering altar of Xom.
  1952 | D:2      | Found a shattered altar of Ashenzari.
  1959 | D:2      | Found a glowing golden altar of the Shining One.
  2152 | D:2      | Reached skill level 4 in Spellcasting
  2722 | D:3      | Reached XP level 5. HP: 31/31 MP: 4/11
  3082 | D:4      | Noticed an ogre
  3236 | D:3      | Learned a level 3 spell: Conjure Flame
  3407 | D:3      | Found a blossoming altar of Fedhas.
  3407 | D:3      | Found an ancient bone altar of Kikubaaqudgha.
  3493 | D:4      | Noticed a black bear
  3494 | D:4      | Killed an ogre
  3494 | D:4      | Reached skill level 5 in Spellcasting
  3494 | D:4      | Reached XP level 6. HP: 36/36 MP: 6/14
  3612 | D:3      | Learned a level 2 spell: Slow
  3742 | D:4      | Noticed Grinder
  3754 | D:4      | Paralysed by Grinder for 4 turns
  3767 | D:4      | Killed Grinder
  3767 | D:4      | Reached skill level 6 in Spellcasting
  3767 | D:4      | Reached XP level 7. HP: 26/41 MP: 5/16
  4090 | D:4      | Reached skill level 7 in Spellcasting
  4129 | D:4      | Learned a level 4 spell: Iskenderun's Mystic Blast
  4199 | D:5      | Entered Level 5 of the Dungeon
  4248 | D:5      | Found Fumye's Book Shop.
  4484 | D:5      | Found a glowing drain.
  4488 | Sewer    | Entered a sewer
  4571 | Sewer    | Noticed Purgy
  4577 | Sewer    | Killed Purgy
  5091 | D:4      | Found a radiant altar of Vehumet.
  5275 | D:4      | Reached XP level 8. HP: 38/46 MP: 4/19
  5281 | D:4      | Reached skill level 8 in Spellcasting
  6088 | D:6      | Noticed a yak
  6088 | D:6      | Noticed a yak
  6088 | D:6      | Noticed a yak
  6088 | D:6      | Noticed a yak
  6136 | D:5      | Gained mutation: Your muscles are strong. (Str +2) [mutagenic meat]
  6137 | D:5      | Gained mutation: Your system is resistant to poisons. [mutagenic meat]
  6498 | D:5      | Killed a yak
  6498 | D:5      | Reached skill level 9 in Spellcasting
  6498 | D:5      | Reached skill level 5 in Conjurations
  6689 | D:6      | Reached XP level 9. HP: 51/51 MP: 6/22
  6918 | D:6      | Found an iron altar of Okawaru.
  7352 | D:6      | Found a deep blue altar of Sif Muna.
  7453 | D:6      | Became a worshipper of Sif Muna the Loreminder
  7717 | D:6      | Reached skill level 10 in Spellcasting
  7824 | D:6      | Found a glowing golden altar of the Shining One.
  7912 | D:6      | Reached * piety under Sif Muna
  8435 | D:6      | Reached skill level 11 in Spellcasting
  9000 | D:7      | Reached ** piety under Sif Muna
  9000 | D:7      | Reached skill level 1 in Poison Magic
  9051 | D:7      | Reached XP level 10. HP: 49/56 MP: 14/25
  9497 | D:7      | Learned a level 5 spell: Phase Shift
  9713 | D:7      | Found a staircase to the Ecumenical Temple.
  9729 | Temple   | Entered the Ecumenical Temple
  9866 | Temple   | Gained mutation: You are partially covered in thin metallic scales (AC +2). [potion of beneficial mutation]
 10236 | D:8      | Learned a level 3 spell: Gell's Gravitas
 10263 | D:8      | Noticed Prince Ribbit
 10280 | D:8      | Killed Prince Ribbit
 10280 | D:8      | Reached skill level 12 in Spellcasting
 10281 | D:8      | Noticed Erolcha
 10857 | D:8      | Found a staircase to the Lair.
 10962 | D:8      | Reached *** piety under Sif Muna
 10981 | D:8      | Killed Erolcha
 11727 | D:10     | Entered Level 10 of the Dungeon
 11727 | D:10     | Found a glowing silver altar of Zin.
 11932 | D:10     | Noticed Josephine
 12068 | D:9      | Found a stormy altar of Qazlal.
 12555 | D:9      | You fall through a shaft for 2 floors!
 12566 | D:11     | You fall through a shaft for 2 floors!
 12659 | D:13     | Noticed a cyclops
 12659 | D:13     | Noticed a six-headed hydra
 12680 | D:11     | Reached **** piety under Sif Muna
 12680 | D:11     | Reached skill level 13 in Spellcasting
 12680 | D:11     | Reached XP level 11. HP: 58/61 MP: 23/28
 13597 | D:11     | Noticed a hill giant
 13604 | D:11     | Killed a hill giant
 13983 | D:11     | Reached ***** piety under Sif Muna
 14127 | D:12     | Noticed a four-headed hydra
 14202 | D:10     | Noticed George's ghost (journeyman MiFi)
 14265 | D:9      | Killed an unseen horror
 14854 | Temple   | Gained mutation: You expend magic power (3 MP) to strengthen your wands. [potion of mutation]
 14854 | Temple   | Gained mutation: Your magical capacity is low (-10% MP). [potion of mutation]
 14999 | Lair:1   | Entered Level 1 of the Lair of Beasts
 15019 | Lair:1   | Reached skill level 14 in Spellcasting
 15704 | Lair:1   | Reached skill level 5 in Translocations
 15728 | Lair:1   | Noticed Erica
 15877 | Lair:1   | Killed Erica
 16169 | Lair:1   | Noticed a four-headed hydra
 16226 | Lair:1   | Killed a four-headed hydra
 16226 | Lair:1   | Reached ****** piety under Sif Muna
 16226 | Lair:1   | Received a gift from Sif Muna
 16227 | Lair:1   | Identified Sif Muna's Volume of Conjuration and the Traveller (Sif Muna gifted it to you on level 1 of the Lair of Beasts)
 16322 | Lair:1   | Reached XP level 12. HP: 64/66 MP: 9/27
 16337 | Lair:1   | Learned a level 5 spell: Iskenderun's Battlesphere
 16496 | Lair:1   | Reached skill level 15 in Spellcasting
 17389 | Lair:2   | Noticed Nergalle
 18551 | Lair:3   | Found a staircase to the Snake Pit.
 19231 | Lair:3   | Found a staircase to the Shoals.
 19798 | Lair:3   | Received a gift from Sif Muna
 20096 | Lair:3   | Reached skill level 16 in Spellcasting
 20342 | Lair:3   | Noticed a four-headed hydra
 20346 | Lair:3   | Killed a four-headed hydra
 20647 | Lair:2   | Killed Nergalle
 20863 | Lair:2   | Reached XP level 13. HP: 71/71 MP: 9/30
 21189 | Lair:2   | Learned a level 2 spell: Swiftness
 21978 | Lair:4   | Upgraded the game from 0.18-a0-1027-g814d7dd to 0.18-a0-1035-g72c9994
 22377 | Lair:4   | Reached skill level 1 in Invocations
 22803 | Lair:5   | Received a gift from Sif Muna
 22808 | Lair:5   | Identified Lurox's Tome of Displacement (Sif Muna gifted it to you on level 5 of the Lair of Beasts)
 23092 | Lair:5   | Got a faintly glowing bronze ring
 23118 | Lair:5   | Identified the ring "Xextell" {rPois MP+9 Slay+2} (You found it on level 5 of the Lair of Beasts)
 24347 | Temple   | Learned a level 3 spell: Ozocubu's Armour
 24354 | Temple   | Learned a level 6 spell: Iron Shot
 25357 | Lair:5   | Reached skill level 17 in Spellcasting
 25765 | Lair:6   | Reached skill level 5 in Invocations
 26456 | Lair:6   | Reached XP level 14. HP: 76/76 MP: 25/31
 28257 | Lair:8   | Entered Level 8 of the Lair of Beasts
 28280 | Lair:7   | Received a gift from Sif Muna
 28335 | Lair:7   | Learned a level 5 spell: Fireball
 28569 | Lair:7   | Found a runed door.
 28569 | Lair:7   | Found a viscous altar of Jiyva.
 28571 | Lair:7   | Noticed an azure jelly
 28572 | Lair:7   | Noticed an azure jelly
 28573 | Lair:7   | Found a staircase to the Slime Pits.
 28880 | Lair:7   | Reached skill level 18 in Spellcasting
 29970 | D:10     | Killed George's ghost
 30017 | D:10     | Killed Josephine
 30499 | D:10     | Noticed Urug
 30559 | D:10     | Killed Urug
 30683 | D:10     | Found a staircase to the Orcish Mines.
 31481 | D:12     | Received a gift from Sif Muna
 31749 | D:12     | Identified Sif Muna's Papyrus of the Traveller (Sif Muna gifted it to you on level 12 of the Dungeon)
 31800 | D:13     | Found a blossoming altar of Fedhas.
 31848 | D:13     | Reached skill level 19 in Spellcasting
 31966 | D:13     | Found a gate to the Vaults.
 32130 | D:12     | Reached XP level 15. HP: 54/81 MP: 22/34
 32137 | D:12     | Found a stormy altar of Qazlal.
 33048 | Temple   | Learned a level 3 spell: Regeneration
 33280 | D:14     | Identified a scroll of acquirement
 33281 | D:14     | Got a slimy brass ring
 33282 | D:14     | Identified the ring of the Jester {rF++ rC+ MR+ Dex+5} (You acquired it on level 14 of the Dungeon)
 33913 | D:15     | Entered Level 15 of the Dungeon
 35020 | D:15     | Received a gift from Sif Muna
 35020 | D:15     | Reached skill level 20 in Spellcasting
 35275 | D:15     | Reached skill level 1 in Necromancy
 35302 | D:15     | Found an oddly glowing altar of Pakellas.
 35611 | D:15     | Found a staircase to the Depths.
 35984 | Orc:1    | Entered Level 1 of the Orcish Mines
 36487 | Orc:2    | Entered Level 2 of the Orcish Mines
 37294 | Orc:2    | Reached skill level 1 in Charms
 37342 | Orc:2    | Found a roughly hewn altar of Beogh.
 37381 | Orc:2    | Found a staircase to the Elven Halls.
 37610 | Orc:2    | Reached XP level 16. HP: 86/86 MP: 18/36
 37620 | Orc:2    | Received a gift from Sif Muna
 37897 | Orc:2    | Identified Sif Muna's Papyrus of Battle Magic and the Arsonist (Sif Muna gifted it to you on level 2 of the Orcish Mines)
 37913 | Orc:2    | Found Fuiv's Weapon Shop.
 37913 | Orc:2    | Found Hezifo's Assorted Antiques.
 37915 | Orc:2    | Found Feqepaps's Jewellery Shoppe.
 37918 | Orc:2    | Reached skill level 1 in Earth Magic
 37919 | Orc:2    | Found Ygaith's Antique Armour Shoppe.
 38180 | Orc:2    | Bought a runed shield for 126 gold pieces
 38202 | Orc:2    | Bought an uncursed amulet of mana regeneration for 480 gold pieces
 38282 | Elf:1    | Entered Level 1 of the Elven Halls
 38397 | Elf:1    | Reached skill level 21 in Spellcasting
 38471 | Elf:1    | Found a flickering gateway to a bazaar.
 38476 | Bazaar   | Entered a bazaar
 38511 | Bazaar   | Found Fugit's Antique Armour Boutique.
 38511 | Bazaar   | Found Hubyxiuh's Armour Shop.
 38541 | Bazaar   | Found Aploedd's Weapon Shop.
 38541 | Bazaar   | Found Vickam's Gadget Boutique.
 38579 | Bazaar   | Bought a +1 buckler of poison resistance for 135 gold pieces
 38602 | Bazaar   | Bought a wand of hasting (2/9) for 324 gold pieces
 39096 | Snake:1  | Entered Level 1 of the Snake Pit
 39316 | Snake:1  | Reached skill level 1 in Shields
 40263 | Snake:1  | Noticed Aizul
 40272 | Snake:1  | Killed Aizul
 40843 | Snake:2  | Noticed a greater naga
 41163 | Snake:1  | Received a gift from Sif Muna
 41164 | Snake:1  | Identified Sif Muna's Reference Book on Burning Arcane Weapons (Sif Muna gifted it to you on level 1 of the Snake Pit)
 41219 | Snake:2  | Upgraded the game from 0.18-a0-1035-g72c9994 to 0.18-a0-1041-gbe91bf5
 41383 | Temple   | Learned a level 3 spell: Ignite Poison
 41560 | Snake:2  | Killed a greater naga
 42521 | Shoals:1 | Entered Level 1 of the Shoals
 42658 | Shoals:1 | Got an ancient war axe
 42659 | Shoals:1 | Identified the +1 war axe of Feid Tub {venom, rPois MP+9} (You found it on level 1 of the Shoals)
 42924 | Shoals:1 | Reached XP level 17. HP: 29/90 MP: 23/38
 43649 | Shoals:1 | Received a gift from Sif Muna
 43651 | Shoals:1 | Identified Sif Muna's Incunabulum of Combat Magic (Sif Muna gifted it to you on level 1 of the Shoals)
 43822 | Shoals:2 | Reached skill level 22 in Spellcasting
 43902 | Shoals:2 | Reached skill level 5 in Shields
 44129 | Shoals:2 | Got an ancient ruby amulet
 44130 | Shoals:2 | Identified the amulet of Cuotoc {Reflect MR+ SH+4} (You acquired it on level 2 of the Shoals)
 44998 | Shoals:4 | Entered Level 4 of the Shoals
 45065 | Shoals:3 | Slain by a snapping turtle

Vault maps used:
D:1:      dpeg_arrival_arbitrary_b, kennysheep_boxes
D:2:      overflow_temple_1_default, old_standard_altar,
          grunt_temple_overflow_octagram
D:3:      grunt_temple_overflow_growth_and_decay, minmay_door_square
D:4:      nicolae_overflow_hidden_temple, nrook_mini_vaults, uniq_grinder
D:5:      gup_sewer_entry_spiral, serial_shops, shop, first_bread,
          serial_aquarium, aquarium_bridge_square, aquarium_bridge_long_joined,
          aquarium_window_1, aquarium_window_corridor_3, aquarium_window_fake,
          aquarium_window_1, aquarium_view_2e, aquarium_pool_2,
          corexii_corridor_pit, roderic_roman_lattice
D:6:      marbit_many_paths, basic_altar, kennysheep_okawaru_gauntlet
D:7:      kennysheep_windowed_halls, minmay_temple_entry_hall
D:8:      minmay_lair_entry_lava, uniq_erolcha, uniq_prince_ribbit1
D:9:      kennysheep_little_box, hangedman_tell_no_tales
D:10:     david_orc_4, basic_altar, eino_tiny_chamber, uniq_urug, uniq_josephine
D:12:     nicolae_qazlal_style_of_elements
D:13:     david_vaults_2, enter_bailey_2, lemuel_oklob_altar
D:14:     corexii_leaking_fountain, grunt_ministairs_7, minmay_statues_item
D:15:     grunt_enter_depths_snipers, grunt_dithmenos_shadows,
          grunt_pakellas_sulfur
Temple:   temple_of_Zot_ovaries
Lair:1:   grunt_forest_stairs_basic, uniq_erica
Lair:2:   wad_woods_river_04, lemuel_fruit_tree, grunt_megastairs_4,
          uniq_nergalle
Lair:3:   minmay_shoals_entry_beasts, guppyfry_snake_entry_garden,
          infiniplex_staircase_pool
Lair:4:   grunt_megastairs_1
Lair:5:   dpeg_oklob_gauntlet, special_room
Lair:6:   grunt_megastairs_2
Lair:7:   pond_and_an_island_with_a_cottage, slime_altar_2
Lair:8:   evil_forest, roderic_batcave, serial_bayou_ford_a, st_stairs_10,
          grunt_forest_large_clearing_hut
Shoals:1: cheibrodos_shoals_oceanic_diplomacy
Shoals:4: shoals_end_hangedman, shoals_ilsuiw_alternative,
          nicolae_shoals_circle_sea_wall
Snake:1:  uniq_aizul
Snake:2:  st_stairs_2, guppyfry_library_mini, uniq_saint_roka, uniq_roxanne,
          uniq_vashnia
Snake:3:  serial_bayou_shore_a
Orc:2:    st_orc_elflike, basic_altar
Elf:1:    eino_elf_arrival_customs, basic_altar, serial_shops, bzr_entry_road,
          minmay_elf_necromancy, uniq_donald
Bazaar:   bazaar_jpeg_honeycomb
Sewer:    kennysheep_door_sewer

Action                   |  1- 3 |  4- 6 |  7- 9 | 10-12 | 13-15 | 16-18 || total
-------------------------+-------+-------+-------+-------+-------+-------++-------
Melee: Unarmed           |    12 |       |       |       |       |       ||    12
       Short sword       |     7 |     7 |       |    17 |       |       ||    31
       Dagger            |     3 |    17 |    74 |   191 |   138 |     5 ||   428
       War axe           |       |       |       |       |       |     1 ||     1
 Cast: Magic Dart        |    75 |   100 |   267 |   415 |   670 |   142 ||  1669
       Call Imp          |     1 |     4 |     5 |    10 |    20 |     3 ||    43
       Mephitic Cloud    |       |     4 |    32 |    58 |    22 |     1 ||   117
       Repel Missiles    |       |     1 |     1 |     1 |     3 |     4 ||    10
       Conjure Flame     |       |       |    24 |    27 |    28 |     8 ||    87
       Iskenderun's Myst |       |       |     4 |   143 |   195 |    80 ||   422
       Blink             |       |       |     3 |    19 |    29 |    27 ||    78
       Slow              |       |       |       |     3 |     8 |       ||    11
       Phase Shift       |       |       |       |     3 |    31 |    17 ||    51
       Iskenderun's Batt |       |       |       |    33 |   217 |    79 ||   329
       Swiftness         |       |       |       |       |    16 |     5 ||    21
       Iron Shot         |       |       |       |       |    70 |   124 ||   194
       Ozocubu's Armour  |       |       |       |       |    18 |    17 ||    35
       Fireball          |       |       |       |       |    84 |    69 ||   153
       Gell's Gravitas   |       |       |       |       |     2 |       ||     2
       Regeneration      |       |       |       |       |    14 |    24 ||    38
       Ignite Poison     |       |       |       |       |       |     7 ||     7
Invok: Channel Energy    |       |       |       |    30 |   602 |   235 ||   867
 Abil: Evoke Flight      |       |       |       |       |     1 |       ||     1
Evoke: Wand              |       |     3 |     1 |     6 |     5 |     4 ||    19
  Use: Scroll            |       |     1 |       |    15 |    29 |     7 ||    52
       Potion            |       |       |       |    14 |     3 |     8 ||    25
 Stab: Sleeping          |     3 |       |     4 |     4 |     2 |       ||    13
       Distracted        |       |     2 |       |     1 |       |       ||     3
       Confused          |       |       |     1 |     8 |     1 |       ||    10
       Paralysed         |       |       |       |       |       |     1 ||     1
  Eat: Chunk             |     3 |     6 |    18 |    34 |   118 |    42 ||   221
       Bread ration      |       |       |       |     1 |     5 |     4 ||    10
       Pizza             |       |       |       |     2 |     5 |       ||     7
